TOP OF THE 1ST |
Columbus Clippers batting - Pitching for Tacoma Rainiers : RHP Chris Gilbo
|
Pitching: RHP Chris Gilbo
|
|
Batting: LHB Corey Trevor
|
0-0: Called Strike 0-1: Ball 1-1: Ball 2-1: Ball 3-1: Base on Balls
|
Batting: RHB Jesus Galvan
|
0-0: Ball 1-0: Ball 2-0: Fielders Choice at 2nd, 3-6 (Groundball, 23, EV 92.5 MPH)
|
Batting: RHB Ernie Weathersbee
|
0-0: Ball 1-0: Foul Ball, location: 2F 1-1: Called Strike 1-2: Ball 2-2: Foul Ball, location: 2F 2-2: SINGLE (Groundball, 56D, EV 101.9 MPH) Jesus Galvan to second
|
Batting: LHB Sam Ogg
|
0-0: Called Strike 0-1: Grounds into double play, 6-4-3 (Groundball, 6, EV 106.2 MPH)
|
Top of the 1st over - 0 runs, 1 hit, 0 errors, 1 left on base; Columbus 0 - Tacoma 0 |
BOTTOM OF THE 1ST |
Tacoma Rainiers batting - Pitching for Columbus Clippers : RHP Matt Zambon
|
Pitching: RHP Matt Zambon
|
|
Batting: RHB Leon Alders
|
0-0: Foul Ball, location: 2F 0-1: Ball 1-1: Ball 2-1: Ball 3-1: Base on Balls
|
Batting: RHB Brad Robidas
|
0-0: Ball 1-0: Ball 2-0: Called Strike 2-1: Fly out, F8 (Flyball, 8RD, EV 88.1 MPH)
|
Batting: LHB Ryan Lowe
|
0-0: Ball 1-0: Ball 2-0: Foul Ball, location: 2F 2-1: SINGLE (Groundball, 56D, EV 105.0 MPH) Leon Alders to second
|
Batting: LHB Caleb Domino
|
0-0: Called Strike 0-1: Ball 1-1: Foul Ball, location: 2F 1-2: Fly out, F8 (Line Drive, 78M, EV 93.1 MPH)
|
Batting: SHB Nelson Powell
|
0-0: Called Strike 0-1: Swinging Strike 0-2: Ball 1-2: Foul Ball, location: 2F 1-2: Foul Ball, location: 2F 1-2: Foul Ball, location: 2F 1-2: Ball 2-2: Foul Ball, location: 2F 2-2: Ball 3-2: Ground out U3 (Groundball, 3L, EV 81.2 MPH)
|
Bottom of the 1st over - 0 runs, 1 hit, 0 errors, 2 left on base; Columbus 0 - Tacoma 0 |
TOP OF THE 2ND |
Columbus Clippers batting - Pitching for Tacoma Rainiers : RHP Chris Gilbo
|
Batting: SHB Joe Zeiset
|
0-0: Called Strike 0-1: Swinging Strike 0-2: Ball 1-2: Foul Ball, location: 2F 1-2: Ball 2-2: Ground out U3 (Groundball, 3S, EV 84.4 MPH)
|
Batting: RHB Rico Coss
|
0-0: Ball 1-0: Called Strike 1-1: Ball 2-1: Fly out, F8 (Flyball, 8LD, EV 85.6 MPH)
|
Batting: RHB Chris Folse
|
0-0: Ball 1-0: Ball 2-0: Ball 3-0: Called Strike 3-1: Base on Balls
|
Batting: RHB John Shaffer
|
0-0: Called Strike 0-1: Ground out 4-3 (Groundball, 4, EV 100.6 MPH)
|
Top of the 2nd over - 0 runs, 0 hits, 0 errors, 1 left on base; Columbus 0 - Tacoma 0 |
BOTTOM OF THE 2ND |
Tacoma Rainiers batting - Pitching for Columbus Clippers : RHP Matt Zambon
|
Batting: RHB Bill Vives
|
0-0: Called Strike 0-1: Foul Ball, location: 2F 0-2: Ball 1-2: Ball 2-2: Ball 3-2: Ground out U3 (Groundball, 34S, EV 79.4 MPH)
|
Batting: RHB Kikuo Sato
|
0-0: Ball 1-0: Ball 2-0: Called Strike 2-1: Ground out 4-3 (Groundball, 4, EV 83.1 MPH)
|
Batting: RHB David Aguilar
|
0-0: Called Strike 0-1: Called Strike 0-2: Foul Ball, location: 2F 0-2: Strikes out swinging
|
Bottom of the 2nd over - 0 runs, 0 hits, 0 errors, 0 left on base; Columbus 0 - Tacoma 0 |
TOP OF THE 3RD |
Columbus Clippers batting - Pitching for Tacoma Rainiers : RHP Chris Gilbo
|
Batting: SHB Justin Veatch
|
0-0: Called Strike 0-1: Swinging Strike 0-2: Ball 1-2: Strikes out swinging
|
Batting: LHB Corey Trevor
|
0-0: Ball 1-0: Ground out 6-3 (Groundball, 6M, EV 93.8 MPH)
|
Batting: RHB Jesus Galvan
|
0-0: DOUBLE (Line Drive, 7LS, EV 100.6 MPH)
|
Batting: RHB Ernie Weathersbee
|
0-0: Ball 1-0: Called Strike 1-1: Foul Ball, location: 2F 1-2: Ball 2-2: Ground out 6-3 (Groundball, 6, EV 80.0 MPH)
|
Top of the 3rd over - 0 runs, 1 hit, 0 errors, 1 left on base; Columbus 0 - Tacoma 0 |
BOTTOM OF THE 3RD |
Tacoma Rainiers batting - Pitching for Columbus Clippers : RHP Matt Zambon
|
Batting: LHB Ignacio Bernal
|
0-0: Ball 1-0: Foul Ball, location: 2F 1-1: Ball 2-1: Foul Ball, location: 2F 2-2: Ground out 6-3 (Groundball, 6, EV 102.5 MPH)
|
Batting: RHB Leon Alders
|
0-0: Called Strike 0-1: Swinging Strike 0-2: Ball 1-2: Ball 2-2: Strikes out swinging
|
Batting: RHB Brad Robidas
|
0-0: Ball 1-0: Ball 2-0: Called Strike 2-1: Ground out 5-3 (Groundball, 56S, EV 71.2 MPH)
|
Bottom of the 3rd over - 0 runs, 0 hits, 0 errors, 0 left on base; Columbus 0 - Tacoma 0 |
TOP OF THE 4TH |
Columbus Clippers batting - Pitching for Tacoma Rainiers : RHP Chris Gilbo
|
Batting: LHB Sam Ogg
|
0-0: Ball 1-0: Called Strike 1-1: Ground out 1-3 (Groundball, 15S, EV 74.4 MPH)
|
Batting: SHB Joe Zeiset
|
0-0: Swinging Strike 0-1: Called Strike 0-2: Ball 1-2: Ball 2-2: Strikes out looking
|
Batting: RHB Rico Coss
|
0-0: Ball 1-0: Ball 2-0: Foul Ball, location: 2F 2-1: Swinging Strike 2-2: Foul Ball, location: 2F 2-2: Strikes out swinging
|
Top of the 4th over - 0 runs, 0 hits, 0 errors, 0 left on base; Columbus 0 - Tacoma 0 |
BOTTOM OF THE 4TH |
Tacoma Rainiers batting - Pitching for Columbus Clippers : RHP Matt Zambon
|
Batting: LHB Ryan Lowe
|
0-0: Called Strike 0-1: Foul Ball, location: 2F 0-2: Ball 1-2: Ball 2-2: Ground out U3 (Groundball, 3L, EV 86.2 MPH)
|
Batting: LHB Caleb Domino
|
0-0: Foul Ball, location: 2F 0-1: Ball 1-1: Ground out 4-3 (Groundball, 4M, EV 105.0 MPH)
|
Batting: SHB Nelson Powell
|
0-0: Called Strike 0-1: Foul Ball, location: 2F 0-2: Ball 1-2: Fly out, F8 (Flyball, 8RXD, EV 104.4 MPH)
|
Bottom of the 4th over - 0 runs, 0 hits, 0 errors, 0 left on base; Columbus 0 - Tacoma 0 |
TOP OF THE 5TH |
Columbus Clippers batting - Pitching for Tacoma Rainiers : RHP Chris Gilbo
|
Batting: RHB Chris Folse
|
0-0: Ball 1-0: Foul Ball, location: 2F 1-1: Swinging Strike 1-2: Ball 2-2: Fly out, F8 (Line Drive, 8LD, EV 93.8 MPH)
|
Batting: RHB John Shaffer
|
0-0: Ball 1-0: Ball 2-0: Ball 3-0: Base on Balls
|
Batting: SHB Justin Veatch
|
0-0: Ball 1-0: Ball 2-0: Ball 3-0: Called Strike 3-1: SINGLE (Line Drive, 9S, EV 100.0 MPH) John Shaffer to second
|
Batting: LHB Corey Trevor
|
0-0: Called Strike 0-1: Ball 1-1: Ball 2-1: Foul Ball, location: 2F 2-2: Strikes out swinging
|
Batting: RHB Jesus Galvan
|
0-0: Called Strike 0-1: Foul Ball, location: 2F 0-2: Strikes out swinging
|
Top of the 5th over - 0 runs, 1 hit, 0 errors, 2 left on base; Columbus 0 - Tacoma 0 |
BOTTOM OF THE 5TH |
Tacoma Rainiers batting - Pitching for Columbus Clippers : RHP Matt Zambon
|
Batting: RHB Bill Vives
|
0-0: Ball 1-0: Ball 2-0: Ball 3-0: Called Strike 3-1: Foul Ball, location: 2F 3-2: Fly out, F8 (Flyball, 8RM, EV 85.0 MPH)
|
Batting: RHB Kikuo Sato
|
0-0: Foul Ball, location: 2F 0-1: Called Strike 0-2: Ball 1-2: SINGLE (Groundball, 56D, EV 102.5 MPH)
|
Batting: RHB David Aguilar
|
0-0: Ball 1-0: Called Strike 1-1: Ball 2-1: Foul Ball, location: 2F 2-2: Ball 3-2: Base on Balls Kikuo Sato to second
|
Batting: LHB Ignacio Bernal
|
0-0: Ball 1-0: Ball 2-0: Called Strike 2-1: Swinging Strike 2-2: Strikes out swinging
|
Batting: RHB Leon Alders
|
0-0: Ball 1-0: Called Strike 1-1: Called Strike 1-2: Fielders Choice at 2nd, U6 (Groundball, 6M, EV 99.4 MPH)
|
Bottom of the 5th over - 0 runs, 1 hit, 0 errors, 2 left on base; Columbus 0 - Tacoma 0 |
TOP OF THE 6TH |
Columbus Clippers batting - Pitching for Tacoma Rainiers : RHP Chris Gilbo
|
Batting: RHB Ernie Weathersbee
|
0-0: Called Strike 0-1: Ball 1-1: Ball 2-1: Foul Ball, location: 2F 2-2: Ball 3-2: Fly out, F7 (Flyball, 78S, EV 92.5 MPH)
|
Batting: LHB Sam Ogg
|
0-0: Foul Ball, location: 2F 0-1: Swinging Strike 0-2: Ball 1-2: Strikes out swinging
|
Batting: SHB Joe Zeiset
|
0-0: Ball 1-0: SINGLE (Groundball, 4MD, EV 96.2 MPH)
|
Batting: RHB Rico Coss
|
0-0: Foul Ball, location: 2F 0-1: Called Strike 0-2: Strikes out swinging
|
Top of the 6th over - 0 runs, 1 hit, 0 errors, 1 left on base; Columbus 0 - Tacoma 0 |
BOTTOM OF THE 6TH |
Tacoma Rainiers batting - Pitching for Columbus Clippers : RHP Matt Zambon
|
Batting: RHB Brad Robidas
|
0-0: Ball 1-0: Ball 2-0: Ball 3-0: Base on Balls
|
Batting: LHB Ryan Lowe
|
0-0: Ball Brad Robidas steals 2nd base 1-0: Foul Ball, location: 2F 1-1: Fly out, F8 (Flyball, 8RM, EV 87.5 MPH)
|
Batting: LHB Caleb Domino
|
0-0: Foul Ball, location: 2F 0-1: TRIPLE (Line Drive, 78XD, EV 111.2 MPH) Brad Robidas scores
|
Pitching: RHP Arturo Rojas
|
|
Batting: SHB Nelson Powell
|
0-0: 2-RUN HOME RUN (Line Drive, 9D, EV 96.2 MPH), Distance : 385 ft
|
Batting: RHB Bill Vives
|
0-0: Ball 1-0: SINGLE (Line Drive, 78M, EV 98.1 MPH)
|
Batting: RHB Kikuo Sato
|
0-0: Swinging Strike 0-1: Ball 1-1: Ball 2-1: Swinging Strike 2-2: Grounds into double play, 6-4-3 (Groundball, 6, EV 85.0 MPH)
|
Bottom of the 6th over - 3 runs, 3 hits, 0 errors, 0 left on base; Columbus 0 - Tacoma 3 |
TOP OF THE 7TH |
Columbus Clippers batting - Pitching for Tacoma Rainiers : RHP Chris Gilbo
|
Batting: RHB Chris Folse
|
0-0: Foul Ball, location: 2F 0-1: SINGLE (Groundball, 6D, EV 97.5 MPH)
|
Batting: RHB John Shaffer
|
0-0: Called Strike Chris Folse is caught stealing 2nd base 2-4 0-1: Ball 1-1: Ball 2-1: Swinging Strike 2-2: Ball 3-2: Base on Balls
|
Batting: SHB Justin Veatch
|
0-0: Called Strike 0-1: Fly out, F8 (Flyball, 78XD, EV 93.8 MPH)
|
Batting: LHB Corey Trevor
|
0-0: Foul Ball, location: 2F 0-1: Foul Ball, location: 2F 0-2: Fielders Choice at 2nd, 5-4 (Groundball, 5D, EV 99.4 MPH)
|
Top of the 7th over - 0 runs, 1 hit, 0 errors, 1 left on base; Columbus 0 - Tacoma 3 |
BOTTOM OF THE 7TH |
Tacoma Rainiers batting - Pitching for Columbus Clippers : RHP Arturo Rojas
|
Batting: RHB David Aguilar
|
0-0: Ground out 5-3 (Groundball, 5S, EV 85.0 MPH)
|
Batting: LHB Ignacio Bernal
|
0-0: Called Strike 0-1: Ball 1-1: Swinging Strike 1-2: Ground out 4-3 (Groundball, 4, EV 89.4 MPH)
|
Batting: RHB Leon Alders
|
0-0: Foul Ball, location: 2F 0-1: Foul Ball, location: 2F 0-2: Ball 1-2: Foul Ball, location: 2F 1-2: Foul Ball, location: 2F 1-2: Ball 2-2: Ball 3-2: Foul Ball, location: 2F 3-2: Base on Balls
|
Batting: RHB Brad Robidas
|
0-0: Called Strike 0-1: SINGLE (Line Drive, 9S, EV 111.2 MPH) Leon Alders to second
|
Batting: LHB Ryan Lowe
|
0-0: Swinging Strike 0-1: Called Strike 0-2: Ball 1-2: Ball 2-2: Ball 3-2: Strikes out swinging
|
Bottom of the 7th over - 0 runs, 1 hit, 0 errors, 2 left on base; Columbus 0 - Tacoma 3 |
TOP OF THE 8TH |
Columbus Clippers batting - Pitching for Tacoma Rainiers : RHP Chris Gilbo
|
Batting: RHB Jesus Galvan
|
0-0: Ball 1-0: Ball 2-0: Fly out, F8 (Flyball, 8LXD, EV 87.5 MPH)
|
Pitching: RHP Willie Sanchez
|
|
Batting: RHB Ernie Weathersbee
|
0-0: Ball 1-0: Called Strike 1-1: Foul Ball, location: 2F 1-2: Strikes out swinging
|
Batting: LHB Sam Ogg
|
0-0: Called Strike 0-1: Foul Ball, location: 2F 0-2: Strikes out swinging, 2-3 out at first.
|
Top of the 8th over - 0 runs, 0 hits, 0 errors, 0 left on base; Columbus 0 - Tacoma 3 |
BOTTOM OF THE 8TH |
Tacoma Rainiers batting - Pitching for Columbus Clippers : RHP Arturo Rojas
|
Pitching: RHP Jon Samer
|
|
Batting: LHB Caleb Domino
|
0-0: Ball 1-0: Swinging Strike 1-1: Ball 2-1: Ball 3-1: Called Strike 3-2: Strikes out looking
|
Batting: SHB Nelson Powell
|
0-0: Called Strike 0-1: Ball 1-1: Ball 2-1: Called Strike 2-2: SINGLE (Groundball, 34S, EV 66.9 MPH) (infield hit)
|
Batting: RHB Bill Vives
|
0-0: Called Strike 0-1: Called Strike 0-2: Strikes out swinging
|
Batting: RHB Kikuo Sato
|
0-0: Ball 1-0: Called Strike 1-1: Ball 2-1: SINGLE (Groundball, 5S, EV 65.6 MPH) (infield hit) Nelson Powell to second
|
Batting: RHB David Aguilar
|
0-0: Called Strike 0-1: Swinging Strike 0-2: Ground out 3-1 (Groundball, 34S, EV 73.1 MPH)
|
Bottom of the 8th over - 0 runs, 2 hits, 0 errors, 2 left on base; Columbus 0 - Tacoma 3 |
TOP OF THE 9TH |
Columbus Clippers batting - Pitching for Tacoma Rainiers : RHP Willie Sanchez
|
Pitching: RHP Omar Colunga
|
|
Batting: SHB Joe Zeiset
|
0-0: Ball 1-0: Ball 2-0: Foul Ball, location: 2F 2-1: Ball 3-1: Swinging Strike 3-2: Foul Ball, location: 2F 3-2: Foul Ball, location: 2F 3-2: Strikes out swinging
|
Batting: RHB Rico Coss
|
0-0: Ball 1-0: Foul Ball, location: 2F 1-1: Foul Ball, location: 2F 1-2: Strikes out looking
|
Batting: RHB Chris Folse
|
0-0: Called Strike 0-1: Ball 1-1: Ball 2-1: Foul Ball, location: 2F 2-2: Strikes out swinging
|
Top of the 9th over - 0 runs, 0 hits, 0 errors, 0 left on base; Columbus 0 - Tacoma 3 |
|